Map: Frost LE

Players

Nebula

  • Race: Zerg Zerg
  • League: Diamond

Tenonee - Winner!

  • Race: Terran Terran
  • League: Platinum

VOD

Have the link to the VOD?

Description

Time

  • Played on: July 26, 2016, 6:45 a.m.
  • Length: 17:53
Show
View Real Time Build Order
Export as new Build Order

Nebula Zerg 

Build Orders: Hatch First 

Get SALT Encoding   

  12  0:01  Drone  
  13  0:14  Overlord  
  13  0:19  Drone  
  14  0:34  Drone x2  
  16  0:37  Drone  
  17  0:53  Hatchery  
  16  1:00  Drone  
  16  1:04  Drone  
  18  1:06  Extractor  
  17  1:17  Spawning Pool  
  16  1:19  Drone  
  16  1:25  Drone  
  18  1:31  Drone  
  19  1:44  Overlord  
  19  2:04  Drone, Queen  
  19  2:06  Zergling x2  
  19  2:07  Queen, Zergling x2  
  26  2:15  Metabolic Boost  
  26  2:31  Drone  
  26  2:32  Drone x3  
  30  2:44  Queen  
  30  2:50  Drone x2  
  30  2:51  Drone x2  
  36  3:09  Overlord  
  36  3:19  Roach Warren  
  35  3:21  Hatchery  
  35  3:23  Drone  
  35  3:24  Drone  
  36  3:33  Zergling x2  
  36  3:34  Zergling x8  
  40  3:46  Extractor  
  40  3:47  Overlord  
  39  3:50  Overlord  
  38  4:06  Drone x3  
  38  4:07  Evolution Chamber, Drone x2  
  38  4:08  Evolution Chamber  
  38  4:09  Lair  
  41  4:11  Extractor, Zergling x6  
  41  4:13  Zergling x2  
  44  4:28  Drone  
  44  4:29  Drone x2  
  46  4:35  Drone, Queen  
  47  4:48  Drone x3  
  47  4:52  Spore Crawler  
  46  4:54  Drone x3, Spore Crawler  
  46  4:58  Drone x2  
  50  5:00  Drone  
  48  5:16  Roach  
  48  5:17  Roach x5  
  60  5:21  Glial Reconstitution  
  60  5:34  Extractor  
  58  5:35  Spine Crawler  
  58  5:40  Overlord  
  57  5:42  Pneumatized Carapace  
  57  5:44  Overseer  
  57  5:49  Drone x3  
  60  5:51  Drone x2  
  62  6:18  Roach x6  
  72  6:19  Overlord x3  
  72  6:20  Overlord  
  74  6:28  Zerg Missile Weapons Level 1  
  74  6:39  Hydralisk Den  
  73  6:41  Zerg Ground Armor Level 1  
  73  6:43  Roach  
  73  6:44  Roach x4  
  83  6:49  Drone x3, Extractor  
  76  7:16  Roach  
  76  7:17  Roach x5  
  76  7:38  Drone  
  76  7:39  Drone x2  
  76  7:40  Roach x7  
  93  7:50  Drone  
  94  7:54  Drone  
  95  8:11  Drone x2  
  97  8:13  Spawning Pool  
  96  8:23  Drone  
  96  8:25  Drone x4  
  101  8:28  Muscular Augments  
  83  8:50  Drone x5  
  84  8:58  Ravager  
  84  8:59  Ravager x4  
  84  9:01  Ravager  
  90  9:08  Roach  
  90  9:09  Roach x4  
  86  9:24  Roach  
  86  9:25  Roach x4  
  86  9:29  Overseer  
  96  9:36  Zergling x2  
  96  9:37  Zergling x18  
  94  9:43  Extractor  
  93  9:46  Baneling Nest  
  90  9:54  Ravager x2  
  90  9:57  Zergling x2  
  90  9:58  Zergling x10  
  98  10:07  Overlord x2  
  98  10:08  Overlord  
  98  10:21  Queen  
  83  10:35  Hydralisk x9  
  81  10:36  Hydralisk x2  
  101  10:45  Drone x3  
  104  10:59  Centrifical Hooks  
  84  11:14  Roach x3  
  84  11:15  Roach x7  
  84  11:17  Drone x3  
  107  11:20  Zerg Ground Armor Level 2  
  107  11:22  Zerg Melee Weapons Level 1  
  107  11:30  Zergling x2  
  107  11:31  Zergling x10  
  113  11:36  Ravager x3  
  116  11:53  Overlord x4  
  116  12:01  Baneling x9  
  116  12:02  Baneling x3  
  116  12:04  Overseer  
  116  12:05  Overseer  
  98  12:28  Zergling x30  
  98  12:29  Zergling x8  
  86  12:48  Baneling x4  
  86  12:49  Baneling x7  
  86  12:50  Baneling x2  
  82  12:53  Baneling x2  
  82  12:55  Roach  
  82  12:56  Roach x6  
  78  13:23  Zergling x20  
  78  13:24  Zergling x6  
  84  13:32  Queen  
  84  13:33  Extractor  
  80  13:40  Zergling x6  
  80  13:41  Zergling x4  
  85  13:43  Baneling x6  
  85  13:44  Baneling x4  
  85  13:45  Baneling x2  
  85  13:46  Baneling  
  85  13:47  Baneling x4  
  85  13:56  Drone x4  
  79  14:13  Zergling x2  
  79  14:14  Zergling x14  
  79  14:24  Drone x3  
  86  14:31  Roach x4  
  86  14:32  Roach  
  86  14:34  Baneling x3  
  86  14:35  Baneling x5  
  86  14:36  Baneling  
  71  14:55  Roach  
  71  14:56  Roach x6  
  83  15:02  Drone x2  
  83  15:03  Overseer  
  85  15:13  Zergling x14  
  92  15:18  Ravager x3  
  93  15:24  Zerg Melee Weapons Level 2  
  93  15:28  Drone  
  94  15:33  Baneling x6  
  94  15:36  Baneling x4  
  94  15:37  Baneling x2  
  94  15:39  Queen  
  96  15:47  Zergling x6  
  99  15:55  Spine Crawler, Spore Crawler  
  88  16:10  Zergling x2  
  88  16:11  Zergling x16  
  82  16:20  Zergling x8  
  71  16:31  Baneling  
  71  16:32  Baneling x6  
  65  16:51  Baneling x2  
  60  17:00  Baneling x6  
  60  17:07  Ravager  
Show
View Real Time Build Order
Export as new Build Order

Tenonee Terran - Winner!

Build Orders: Reaper Expand, MMM Bio 

Get SALT Encoding   

  12  0:01  SCV  
  13  0:13  SCV  
  14  0:19  Supply Depot  
  14  0:25  SCV  
  15  0:41  SCV  
  16  0:43  Barracks  
  16  0:46  Refinery  
  16  0:53  SCV  
  17  1:01  Supply Depot  
  17  1:05  SCV  
  18  1:19  SCV  
  19  1:32  Reaper  
  21  1:33  Orbital Command  
  20  1:56  Command Center  
  20  1:59  SCV  
  21  2:09  Barracks Reactor  
  21  2:12  SCV  
  22  2:24  Factory, SCV  
  23  2:36  SCV  
  24  2:47  Marine x2  
  24  2:48  SCV  
  27  3:00  SCV  
  28  3:09  Barracks  
  28  3:13  Orbital Command  
  28  3:15  Barracks Tech Lab, SCV  
  28  3:18  Hellion x2, Supply Depot  
  33  3:27  SCV  
  34  3:36  Stimpack  
  34  3:40  Hellion, SCV  
  37  3:42  Hellion  
  37  3:44  SCV  
  40  3:48  Refinery  
  40  3:49  Marine  
  40  3:52  SCV  
  42  3:59  SCV  
  42  4:01  Hellion  
  45  4:04  Hellion, SCV  
  48  4:11  SCV  
  48  4:12  Supply Depot  
  48  4:16  Barracks Reactor, SCV  
  50  4:17  Marine  
  50  4:24  SCV  
  52  4:25  Supply Depot x2  
  52  4:28  SCV  
  53  4:33  Factory Tech Lab  
  53  4:35  Starport  
  53  4:36  SCV  
  49  4:53  Marine x3  
  49  4:54  Siege Tank  
  55  5:00  Bunker  
  55  5:02  SCV x2  
  57  5:09  Command Center  
  57  5:11  Marine  
  54  5:14  SCV  
  54  5:15  SCV  
  54  5:16  Marine x2  
  58  5:22  Medivac  
  58  5:26  SCV  
  61  5:28  Marine  
  61  5:29  Siege Tank, SCV  
  66  5:36  Marine x2  
  66  5:39  SCV  
  66  5:42  Supply Depot, SCV  
  70  5:45  Engineering Bay  
  70  5:46  Marine  
  70  5:47  Engineering Bay  
  71  5:51  SCV  
  71  5:54  Medivac x2, Marine, SCV  
  78  6:00  Supply Depot  
  78  6:03  Supply Depot, SCV  
  77  6:09  Supply Depot  
  77  6:10  Marine x2  
  79  6:12  Marine  
  80  6:24  Siege Tank  
  81  6:25  Barracks  
  81  6:27  Barracks  
  81  6:28  Marine  
  82  6:33  Marine x2  
  82  6:39  Terran Infantry Weapons Level 1, Orbital Command  
  84  6:42  Refinery  
  84  6:45  Refinery  
  84  6:46  Marine  
  85  6:54  Barracks  
  85  6:55  Terran Infantry Armor Level 1  
  85  6:57  Barracks  
  85  7:08  Marine x2, Marauder  
  88  7:15  Orbital Command  
  87  7:26  Marine x2  
  86  7:35  Barracks Tech Lab x2  
  86  7:36  Liberator  
  74  7:52  Marine x3, Marauder  
  74  7:53  Medivac, Siege Tank  
  74  7:55  SCV x2  
  74  7:58  Supply Depot  
  89  7:59  Supply Depot  
  89  8:00  SCV  
  90  8:07  SCV x2  
  90  8:08  Marine  
  90  8:09  Marine  
  90  8:10  Marine x2  
  90  8:12  Barracks Reactor x2  
  96  8:13  Marine, SCV  
  96  8:19  SCV  
  99  8:20  SCV  
  99  8:25  SCV  
  99  8:26  Marine, Armory  
  102  8:27  Marine x2  
  102  8:32  Marine, Marauder  
  91  8:44  Marauder  
  91  8:45  Marine  
  87  8:50  Marauder, Orbital Command  
  88  8:59  Liberator  
  88  9:00  Marine, Marauder  
  90  9:12  Marine x3, Marauder  
  90  9:15  Marine x2, Marauder  
  90  9:16  Medivac, Siege Tank  
  107  9:18  Marine  
  107  9:22  Marauder  
  104  9:29  Marine  
  104  9:30  Marine  
  106  9:33  Marauder  
  106  9:36  Marauder  
  106  9:37  Combat Shields  
  106  9:38  Concussive Shells  
  109  9:42  Marine  
  109  9:43  Marine, Marauder  
  113  9:53  Marine  
  113  9:54  Marine x3  
  113  9:55  Marauder  
  113  9:57  Marauder  
  121  10:00  Marine  
  121  10:01  Refinery x2  
  121  10:05  Marauder  
  124  10:13  Marine x3  
  124  10:14  Marine x2, Siege Tank  
  128  10:15  Medivac  
  128  10:16  Marauder  
  112  10:29  Terran Infantry Weapons Level 2  
  106  10:37  Marine x3, Marauder  
  106  10:38  Marine x5  
  106  10:40  Medivac  
  106  10:41  SCV x3  
  120  10:53  SCV  
  120  10:54  Siege Tank  
  120  10:55  Marine x4  
  120  10:56  Marine, Marauder  
  131  10:58  Marine x2  
  131  10:59  Marauder  
  131  11:03  Command Center  
  119  11:13  Marine  
  119  11:15  Marine  
  119  11:16  Marine x4  
  119  11:17  Marine, Marauder  
  119  11:18  Medivac x2  
  130  11:19  Marine  
  133  11:31  Marine  
  133  11:32  Siege Tank  
  137  11:33  Marine x2  
  137  11:36  Marauder  
  137  11:39  Factory  
  141  11:40  Starport  
  141  11:55  Refinery  
  141  11:58  Refinery  
  141  12:03  Marine x4, Marauder x2  
  149  12:09  Marine x2, Marauder  
  149  12:15  Refinery  
  153  12:18  Refinery  
  139  12:23  Liberator  
  139  12:25  Orbital Command  
  139  12:27  Marine x2, Marauder  
  128  12:37  Marine x2  
  128  12:38  Marine x3, Marauder  
  128  12:39  Siege Tank  
  128  12:40  Medivac  
  138  12:44  Marine x2  
  138  12:48  Marine  
  141  12:55  Marine x3  
  141  12:56  Marauder  
  145  12:59  Marine, Marauder  
  145  13:02  Marine  
  149  13:05  Liberator  
  149  13:10  Medivac, Marine  
  149  13:11  Marauder  
  140  13:13  Marine x3  
  140  13:17  Marine  
  140  13:18  Marauder  
  146  13:21  Siege Tank, Marauder  
  146  13:22  SCV x2  
  137  13:35  Marine x5, Marauder  
  137  13:36  Marine  
  137  13:37  Terran Infantry Weapons Level 3  
  137  13:38  Marine  
  146  13:42  Marine  
  147  13:52  Marine  
  147  13:53  Marine x3  
  151  13:56  Marauder  
  123  14:20  Marine x4, Marauder  
  123  14:21  Marine x4  
  123  14:22  Medivac x2, Siege Tank  
  133  14:37  Marine  
  133  14:38  Marine x2  
  136  14:43  Marauder  
  136  14:44  Marine x3, Marauder x2  
  140  14:52  Medivac  
  129  14:55  Marine x2  
  129  14:56  Marine  
  126  15:01  Marine  
  126  15:02  Marine x2  
  126  15:05  Marauder x3  
  135  15:07  Terran Infantry Armor Level 2, Siege Tank  
  135  15:13  Liberator x2, Marine x2  
  140  15:19  Marine x2  
  142  15:26  Marauder x2  
  142  15:27  Marauder  
  148  15:29  Marine x2  
  148  15:31  Marine x2  
  148  15:33  Fusion Core  
  148  15:34  SCV  
  159  15:37  Marine  
  160  15:46  Siege Tank  
  160  15:48  Marauder x3  
  160  15:49  Factory  
  169  15:51  Terran Ship Weapons Level 1  
  153  16:05  Marine  
  153  16:09  Marauder  
  134  16:19  Marine x2, Marauder  
  134  16:20  Marine x3, Marauder  
  134  16:21  Medivac, Siege Tank  
  134  16:23  Marine  
  149  16:30  Marine  
  145  16:35  Factory Tech Lab, Starport Tech Lab  
  145  16:37  Marine x2  
  145  16:38  Marine x3  
  150  16:40  Marine x3  
  150  16:48  Marauder  
  150  16:53  Siege Tank  
  155  16:55  Marine x2  
  155  16:56  Marine x3  
  155  16:59  Marauder  
  162  17:02  Marine, Marauder  
  165  17:12  Command Center  
  165  17:20  Marine x4, Marauder  
  162  17:26  Marine x3, Marauder  
Tags
 
Add a new tag
Caveats
  • Supply blocks, unpowered buildings, or Contaminate may cause inaccurate times.
  • Supply counts are checked every 10 seconds.